 Dungeon Crawl Stone Soup version 0.30.1-11-g7821555f0a (webtiles) character file.

Game seed: 1224116999634724783

100 PaiMei the Grave Robber (level 4, -1/30 HPs)
             Began as a Demonspawn Necromancer on Jan 3, 2024.
             Killed by divine providence
             ... invoked by an orc priest
              (13 damage)
             ... on level 3 of the Dungeon.
             The game lasted 00:02:12 (2448 turns).

PaiMei the Grave Robber (Demonspawn Necromancer)    Turns: 2448, Time: 00:02:13

Health: -1/30      AC:  3    Str:  8    XL:     4   Next: 47%
Magic:  1/8        EV: 12    Int: 18    God:
Gold:   116        SH:  0    Dex: 14    Spells: 7/8 levels left

rFire   . . .        i - +0 short sword
rCold   . . .        (no shield)
rNeg    . . .        a - +0 robe
rPois   .            (helmet restricted)
rElec   .            (no cloak)
rCorr   .            (no gloves)
SInv    .            m - +0 pair of boots
Will    .....        (no amulet)
Stlth   ++           (no ring)
HPRegen 0.25/turn    (no ring)
MPRegen 0.11/turn

%: no passive effects
@: no status effects
A: antennae 2
a: no special abilities


You were on level 3 of the Dungeon.
You visited 1 branch of the dungeon, and saw 3 of its levels.

You collected 116 gold pieces.

Inventory:

Hand Weapons
 i - a +0 short sword (weapon)
Armour
 a - a +0 robe (worn)
 m - a +0 pair of boots (worn)
Jewellery
 j - a +4 ring of protection
 n - a ring of protection from fire
Scrolls
 c - 2 scrolls of identify {unknown}
Potions
 b - a potion of magic
 d - a potion of berserk rage {unknown}
 e - a potion of might {unknown}
 f - a potion of flight {unknown}
 g - 3 potions of heal wounds {unknown}
 h - a potion of mutation {unknown}
 k - a potion of ambrosia {unknown}
 l - a potion of haste {unknown}


   Skills:
 + Level 2.5 Dodging
 + Level 2.8 Stealth
 + Level 2.7 Spellcasting
 + Level 5.0 Necromancy


You had 7 spell levels left.
You knew the following spells:

 Your Spells              Type           Power      Damage    Failure   Level
a - Necrotise             Necr           80%        1d8       1%          1

Your spell library contained the following spells:

 Spells                   Type           Power      Damage    Failure   Level
 Vampiric Draining        Necr           20%        2d7       6%          3
 Shock                    Conj/Air       8%         1d3       17%         1
 Animate Dead             Necr           20%        N/A       21%         4
 Ignite Poison            Fire/Tmut/Pois 2%         N/A       45%         3
 Swiftness                Air            2%         N/A       45%         3
 Agony                    Necr           20%        N/A       50%         5
 Airstrike                Air            1%         2d(1-17)  86%         4
 Sticky Flame             Conj/Fire      2%         2d3       86%         4
 Haunt                    Necr/Summ      5%         N/A       100%        7
 Ignition                 Fire           1%         3d3       100%        8
 Infestation              Necr           10%        N/A       100%        8


Dungeon Overview and Level Annotations

Branches:
Dungeon (3/15)

Altars:


Innate Abilities, Weirdness & Mutations

You have a pair of antennae on your head.


Message History

Beogh smites you!
You hear an angry hiss.
Casting: Necrotise (safe; 1% risk of failure)
Confirm with . or Enter, or press ? or * to list all spells.
Aiming: Necrotise (safe; 1% risk of failure)
Press: ? - help, Shift-Dir - straight line, f - orc
Aim: an orc, wielding a +0 mace and wearing a +0 chain mail (ally target, chance to affect: 89%)
The orc writhes in agony.
You kill the orc!
The dead are walking!
You feel sick.
Casting: Necrotise (safe; 1% risk of failure)
Confirm with . or Enter, or press ? or * to list all spells.
Aiming: Necrotise (safe; 1% risk of failure)
Press: ? - help, Shift-Dir - straight line, f - orc priest
Aim: an orc priest, wielding a +0 club (ally target, chance to affect: 78%)
The orc priest writhes in agony.
You feel sick.
You are no longer poisoned.
A frilled lizard comes into view.
Casting: Necrotise (safe; 1% risk of failure)
Confirm with . or Enter, or press ? or * to list all spells.
Aiming: Necrotise (safe; 1% risk of failure)
Press: ? - help, Shift-Dir - straight line, f/p - orc priest
Aim: an orc priest, wielding a +0 club (moderately wounded, ally target, chance to affect: 78%)
The orc priest writhes in agony.
The orc priest hits you with a +0 club.
The frilled lizard bites your orc skeleton.
Casting: Necrotise (safe; 1% risk of failure)
Confirm with . or Enter, or press ? or * to list all spells.
Aiming: Necrotise (safe; 1% risk of failure)
Press: ? - help, Shift-Dir - straight line, f/p - orc priest
Aim: an orc priest, wielding a +0 club (heavily wounded, ally target, chance to affect: 78%)
The orc priest barely resists.
The frilled lizard bites your orc skeleton.
The orc priest closely misses you.
Your orc skeleton closely misses the orc priest.
You hit the orc priest.
The orc priest is severely wounded.
The frilled lizard bites your orc skeleton.
The orc priest calls down the wrath of Beogh upon you.
Beogh smites you!
You die...

...... ##.....
..#... .....
.###...
..!....
..##...#######
......Z@oZ...#
..##..####l#.#
#. .. ##


You could see an orc priest (ally target), a frilled lizard, a friendly adder
skeleton and a friendly orc skeleton.

Vanquished Creatures
  An orc wizard (D:3)
  2 adders
  A worm (D:2)
  A dart slug (D:1)
  3 orcs
  4 ball pythons
  4 endoplasms
  5 goblins
  2 hobgoblins (D:1)
  3 quokkas
  5 bats (D:1)
  10 frilled lizards
  2 rats
43 creatures vanquished.

Vanquished Creatures (collateral kills)
  A ball python (D:1)
  A hobgoblin (D:1)
  2 frilled lizards (D:2)
  A kobold (D:2)
5 creatures vanquished.

Grand Total: 48 creatures vanquished

Notes
Turn   | Place    | Note
-------+----------+-------------------------------------------
     0 | D:1      | PaiMei the Demonspawn Necromancer began the quest for the
                  | Orb.
     0 | D:1      | Reached XP level 1. HP: 13/13 MP: 3/3
   432 | D:1      | Gained mutation: You have a pair of small antennae on your
                  | head. [demonic ancestry]
   432 | D:1      | Reached XP level 2. HP: 19/19 MP: 0/5
  1363 | D:2      | Reached XP level 3. HP: 24/24 MP: 3/6
  2162 | D:3      | Reached skill level 5 in Necromancy
  2162 | D:3      | Gained mutation: You have a pair of antennae on your head.
                  | [demonic ancestry]
  2162 | D:3      | Reached XP level 4. HP: 30/30 MP: 1/8
  2448 | D:3      | Killed from afar by an orc priest

Illustrated notes

Levels and vault maps discovered:
D:1:      dpeg_arrival_tiny_g, layout_basic
D:2:      layout_basic, minmay_lizard_pond
D:3:      layout_loops_ring, overflow_temple_1_default,
          mainiacjoe_overflow_alcove_2, mainiacjoe_overflow_two_lobes,
          nicolae_hepliaklqana_hazy_memory, trog_wizard

Skill      XL: |  1  2  3 |
---------------+----------+-----
Stealth        | 2 |  2.8
Dodging        | 2 |  2.5
Necromancy     | 5 |  5.0
Spellcasting   | |  2.7

Action                     |  1- 3 |  4- 6 || total
---------------------------+-------+-------++-------
  Melee: Unarmed           |    21 |       ||    21
         Short sword       |     2 |     6 ||     8
   Cast: Necrotise         |    70 |     9 ||    79
 Armour: Robe              |    16 |       ||    16
  Dodge: Dodged            |    45 |     6 ||    51
